 Dungeon Crawl Stone Soup version 0.20.1-1-g8b1a95d (webtiles) character file.

140 Monsterracer the Conjurer (level 5, -9/28 HPs)
             Began as a Tengu Wizard on Aug 14, 2017.
             Mangled by a gnoll
             ... wielding a +0 halberd
              (15 damage)
             ... on level 3 of the Dungeon.
             The game lasted 00:04:42 (2391 turns).

Monsterracer the Conjurer (Tengu Wizard)            Turns: 2391, Time: 00:04:42

Health: -9/28      AC:  2    Str:  8    XL:     5   Next: 22%
Magic:  3/11       EV: 12    Int: 19    God:
Gold:   164        SH:  0    Dex: 12    Spells: 0/11 levels left

rFire    . . .     SeeInvis .   u - +2 dagger (venom)
rCold    + . .     Gourm    .   (no shield)
rNeg     . . .     Faith    .   a - +0 robe
rPois    .         Spirit   .   b - +0 hat
rElec    .         Reflect  .   (no cloak)
rCorr    .         Harm     .   (no gloves)
MR       .....                  (boots unavailable)
Stlth    ++........             (no amulet)
Regen    0.1/turn               h - ring of protection from cold
MPRegen  0.2/turn               r - ring of wizardry

@: no status effects
A: beak, talons 3, able to fly 1
a: Fly


You were on level 3 of the Dungeon.
You were not hungry.

You visited 1 branch of the dungeon, and saw 3 of its levels.

You collected 164 gold pieces.

Inventory:

Hand Weapons
 u - a +2 dagger of venom (weapon)
Armour
 a - a +0 robe (worn)
 b - a +0 hat (worn)
Jewellery
 h - a ring of protection from cold (left hand)
 r - a ring of wizardry (right hand)
Scrolls
 c - a scroll of enchant armour {unknown}
 e - 2 scrolls of identify {unknown}
 g - a scroll of fog {unknown}
 k - 2 scrolls of magic mapping {unknown}
 m - 2 scrolls of enchant weapon {unknown}
 n - 3 scrolls of remove curse {unknown}
 p - a scroll of amnesia {unknown}
Potions
 f - 3 potions of brilliance {unknown}
 i - a potion of resistance {unknown}
 j - 2 potions of flight {unknown}
 o - a potion of haste {unknown}
 s - a potion of agility {unknown}
Comestibles
 d - 2 bread rations
 l - 3 meat rations
 q - a fruit


   Skills:
 - Level 2.1 Dodging
 - Level 2.0 Stealth
 + Level 3.6 Spellcasting
 * Level 4.9 Conjurations
 - Level 1.2 Summonings
 - Level 0.7 Translocations
 + Level 1.6 Fire Magic
 + Level 1.1 Air Magic


You couldn't memorise any spells.
You knew the following spells:

 Your Spells              Type           Power        Failure   Level  Hunger
a - Magic Dart            Conj           ###.         1%          1    None
b - Conjure Flame         Conj/Fire      ###.....     4%          3    ###....
c - Mephitic Cloud        Conj/Pois/Air  ##......     8%          3    ###....
d - Call Imp              Summ           #.......     5%          2    ##.....
e - Blink                 Tloc           N/A          6%          2    ##.....


Dungeon Overview and Level Annotations

Branches:
Dungeon (3/15)

Altars:
Dithmenos
Kikubaaqudgha
Okawaru


Innate Abilities, Weirdness & Mutations

You have a beak for a mouth.
You have claws for feet.
You can fly.


Message History

The magic dart hits the gnoll.
The gnoll is heavily wounded.
The gnoll hits you from afar with a halberd!
Huge Dmg: -25%(-7hp) hp: 75%(21hp) Unknown command.
There is a stone staircase leading up here.
Casting: Magic Dart
Confirm with . or Enter, or press ? or * to list all spells.
Aiming: Magic Dart
Press: ? - help, Shift-Dir - straight line, f/p - gnoll
Aim: a gnoll, wielding a halberd (heavily wounded)
The magic dart hits the gnoll.
The gnoll is heavily wounded.
The gnoll hits you from afar with a halberd!
Ouch! That really hurt!
* * * LOW HITPOINT WARNING * * *
Huge Dmg: -53%(-15hp) hp: 22%(6hp)
The gnoll hits you from afar with a halberd!
Ouch! That really hurt!
You die...

..........#.....(......#######.
....(..........##.#....#
.........###...##.#....#####...
.........# #.................#
.........# #...........#######
.........# ###..g......#
>........# #..g......#
>.......## #.........#
.#.....## #..@......# ########
#........># #...).....#
#.........# #.........#
###########


You could see 2 gnolls.

Vanquished Creatures
  8 adders
  2 dart slugs (D:2)
  4 leopard geckos
  2 orcs (D:3)
  A giant cockroach (D:2)
  7 goblins
  5 hobgoblins
  4 jackals (D:3)
  9 kobolds
  2 quokkas
  2 bats (D:1)
  A frilled lizard (D:1)
  9 rats
56 creatures vanquished.

Notes
Turn   | Place    | Note
-------+----------+-------------------------------------------
     0 | D:1      | Monsterracer the Tengu Wizard began the quest for the Orb.
     0 | D:1      | Reached XP level 1. HP: 10/10 MP: 5/5
   122 | D:1      | Reached skill level 2 in Conjurations
   296 | D:1      | Reached XP level 2. HP: 15/15 MP: 2/7
   699 | D:2      | Reached skill level 3 in Conjurations
   700 | D:2      | Reached XP level 3. HP: 14/19 MP: 1/8
   705 | D:2      | Learned a level 3 spell: Conjure Flame
   709 | D:2      | Learned a level 3 spell: Mephitic Cloud
  1112 | D:2      | HP: 8/19 [hobgoblin/club (2)]
  1343 | D:2      | Found a faded altar of an unknown god.
  1574 | D:2      | Found a shadowy altar of Dithmenos.
  1574 | D:2      | Found an ancient bone altar of Kikubaaqudgha.
  1865 | D:3      | Reached skill level 1 in Air Magic
  1871 | D:3      | Reached skill level 4 in Conjurations
  1871 | D:3      | Reached XP level 4. HP: 24/24 MP: 2/10
  1977 | D:3      | Found an iron altar of Okawaru.
  1994 | D:3      | Reached skill level 1 in Fire Magic
  2256 | D:3      | Gained mutation: You can fly. [Tengu growth]
  2256 | D:3      | Reached XP level 5. HP: 26/28 MP: 5/11
  2309 | D:3      | Learned a level 2 spell: Blink
  2312 | D:3      | Learned a level 2 spell: Call Imp
  2390 | D:3      | HP: 6/28 [gnoll/halberd (15)]
  2391 | D:3      | Mangled by a gnoll

Skill      XL: |  1  2  3  4 |
---------------+-------------+-----
Conjurations   | 2 3 4 |  4.9
Air Magic      | 1 |  1.1
Fire Magic     | 1 |  1.6
Dodging        | |  2.1
Stealth        | |  2.0
Spellcasting   | |  3.6
Summonings     | |  1.2
Translocations | |  0.7

Action                   |  1- 3 |  4- 6 || total
-------------------------+-------+-------++-------
Melee: Dagger            |    12 |     3 ||    15
       Peck              |     2 |       ||     2
       Kick              |     1 |     1 ||     2
 Cast: Magic Dart        |    80 |    47 ||   127
  Eat: Chunk             |     3 |     1 ||     4
Armor: Robe              |     6 |     3 ||     9
Dodge: Dodged            |    12 |     4 ||    16
